Map: Glittering Ashes LE

Players

MCannix - Winner!

  • Race: Zerg Zerg
  • League: Master

Ender

  • Race: Terran Terran
  • League: Master

VOD

Have the link to the VOD?

Description

Time

  • Played on: Jan. 18, 2022, 2:13 a.m.
  • Length: 17:11
Show
View Real Time Build Order
Export as new Build Order

MCannix Zerg - Winner!

Build Orders: Hatch First, Zergling Baneling 

Get SALT Encoding   

  12  0:00  Drone  
  13  0:12  Overlord  
  13  0:17  Drone  
  14  0:30  Drone  
  14  0:31  Drone  
  16  0:48  Hatchery  
  15  0:51  Drone  
  15  0:53  Extractor  
  15  0:56  Drone  
  16  1:11  Spawning Pool  
  16  1:14  Drone  
  16  1:19  Drone  
  16  1:24  Drone  
  18  1:30  Drone  
  19  1:40  Drone  
  20  1:49  Overlord  
  20  1:59  Queen  
  22  2:05  Metabolic Boost  
  22  2:09  Zergling x2  
  22  2:11  Zergling x2  
  22  2:15  Zergling x2  
  25  2:19  Drone  
  27  2:22  Drone  
  27  2:23  Drone  
  27  2:27  Queen  
  30  2:33  Drone  
  30  2:35  Drone  
  32  2:45  Hatchery  
  32  2:48  Drone  
  32  2:53  Drone  
  32  2:55  Drone x2  
  35  3:06  Overlord  
  35  3:08  Drone  
  36  3:24  Queen  
  36  3:25  Drone x2  
  36  3:26  Drone x3, Baneling Nest  
  41  3:36  Overlord  
  41  3:37  Overlord  
  41  3:39  Zergling x4  
  43  3:53  Burrow  
  43  3:56  Drone x6, Extractor  
  43  4:00  Queen  
  50  4:10  Overlord x2  
  50  4:11  Baneling x2  
  50  4:14  Zergling x10  
  55  4:20  Drone x2  
  55  4:22  Baneling  
  55  4:23  Overlord  
  57  4:29  Zergling x2  
  57  4:30  Zergling x2  
  60  4:31  Zergling x2  
  60  4:33  Baneling x2  
  60  4:40  Zergling x6  
  60  4:41  Baneling x2  
  59  4:49  Queen  
  61  4:53  Baneling x2  
  61  4:54  Baneling, Zergling x2  
  61  4:55  Zergling x8  
  64  5:00  Baneling  
  64  5:01  Zergling x4  
  66  5:10  Zergling x2  
  67  5:16  Zergling x2  
  68  5:23  Hatchery, Zergling x2  
  68  5:30  Lair  
  68  5:31  Baneling x3  
  68  5:34  Extractor  
  68  5:35  Drone x5, Hatchery  
  71  5:36  Evolution Chamber, Drone  
  71  5:48  Drone x2  
  71  5:49  Drone x3  
  76  5:53  Spore Crawler, Extractor  
  76  5:56  Baneling x2  
  76  5:57  Baneling x2  
  74  6:06  Drone x3  
  74  6:07  Zergling x2  
  74  6:08  Zerg Melee Weapons Level 1, Zergling x4  
  80  6:21  Zergling x2  
  81  6:26  Evolution Chamber  
  81  6:29  Centrifugal Hooks  
  81  6:31  Zergling x4  
  81  6:32  Zergling x4  
  84  6:37  Baneling x4  
  84  6:38  Baneling  
  83  6:45  Hydralisk Den  
  82  6:48  Drone x7  
  82  6:50  Queen  
  82  6:54  Drone  
  92  7:00  Drone  
  93  7:05  Baneling  
  93  7:06  Baneling x7  
  93  7:07  Hatchery  
  90  7:13  Baneling x5, Zergling x4  
  87  7:16  Overseer, Hydralisk  
  87  7:17  Zergling x4  
  87  7:18  Zergling x2  
  84  7:23  Drone x3  
  84  7:24  Drone  
  84  7:26  Drone x2  
  89  7:31  Drone  
  89  7:34  Zerg Ground Armor Level 1  
  89  7:35  Drone x3  
  89  7:36  Drone  
  91  7:42  Drone  
  91  7:43  Drone x4  
  94  7:53  Queen  
  94  7:55  Grooved Spines  
  94  7:58  Baneling x3  
  96  7:59  Overlord x2  
  96  8:00  Overlord, Extractor  
  96  8:02  Extractor  
  96  8:05  Drone  
  95  8:10  Baneling x3  
  95  8:19  Zerg Melee Weapons Level 2  
  95  8:21  Drone x5  
  95  8:22  Drone  
  95  8:23  Drone  
  95  8:24  Drone x8  
  110  8:28  Queen  
  112  8:34  Baneling  
  112  8:35  Baneling x7, Hydralisk  
  112  8:36  Zergling x4  
  112  8:38  Zergling x4  
  112  8:40  Hydralisk  
  118  8:41  Zergling x2  
  118  8:46  Hydralisk x2, Zergling x2  
  125  8:48  Zergling x2  
  125  8:52  Overlord  
  125  8:53  Overlord x2  
  125  8:59  Baneling x2  
  122  9:07  Muscular Augments  
  122  9:08  Zergling x2  
  116  9:10  Overseer x2  
  116  9:11  Zergling x2  
  116  9:12  Zergling x6  
  116  9:15  Zergling x2  
  111  9:18  Hydralisk x4, Zergling x2  
  111  9:19  Hydralisk, Zergling x4  
  111  9:20  Hydralisk, Zergling x6  
  111  9:21  Zergling x4  
  111  9:24  Zergling x8  
  124  9:25  Zergling x2  
  124  9:26  Zergling x4  
  124  9:28  Baneling x2  
  124  9:29  Baneling  
  125  9:35  Hydralisk x2, Zergling x2  
  130  9:38  Baneling  
  130  9:39  Baneling x5, Zergling x2  
  130  9:40  Zergling x4  
  130  9:41  Zergling x2  
  133  9:50  Overlord, Zergling x2  
  133  9:51  Overlord x3  
  133  9:55  Infestation Pit  
  132  10:03  Zergling x2  
  132  10:06  Overlord, Baneling x5  
  132  10:07  Overlord x3  
  133  10:14  Hydralisk x3, Zergling x2  
  133  10:15  Zergling x4  
  133  10:18  Zerg Ground Armor Level 2  
  142  10:23  Hatchery  
  142  10:25  Queen  
  143  10:33  Drone, Spore Crawler  
  143  10:34  Drone x3  
  143  10:35  Spore Crawler x2  
  144  10:38  Extractor  
  144  10:39  Extractor  
  144  10:40  Baneling  
  144  10:41  Baneling x6  
  142  10:45  Hydralisk  
  142  10:46  Hydralisk x2, Zergling x4  
  150  10:53  Hydralisk x3, Zergling x2  
  150  10:54  Zergling x2  
  158  10:57  Hive  
  158  10:59  Baneling x2  
  158  11:01  Drone x3  
  158  11:02  Drone  
  162  11:06  Hydralisk  
  162  11:07  Hydralisk, Zergling x2  
  162  11:09  Zergling x2  
  165  11:12  Hydralisk, Zergling x2  
  165  11:18  Zergling x2  
  146  11:19  Zergling x2  
  146  11:20  Zergling x14  
  146  11:23  Baneling x3  
  152  11:28  Zergling x10  
  152  11:29  Hydralisk  
  159  11:38  Hydralisk  
  159  11:39  Zergling x16  
  169  11:40  Zergling x2  
  169  11:42  Baneling x2  
  169  11:43  Baneling x2  
  169  11:44  Zergling x2  
  169  11:46  Zergling x4  
  173  11:49  Spore Crawler  
  173  11:51  Drone  
  173  11:52  Spine Crawler  
  172  12:00  Drone  
  173  12:03  Hydralisk x3  
  173  12:05  Hydralisk  
  181  12:08  Hydralisk  
  181  12:09  Hydralisk, Zergling x4  
  181  12:12  Hydralisk, Zergling x2  
  181  12:13  Zergling x2  
  181  12:15  Hydralisk  
  191  12:17  Hydralisk  
  191  12:18  Zergling x2  
  191  12:20  Zergling x2  
  192  12:26  Hydralisk  
  192  12:27  Hydralisk, Zergling x6  
  190  12:32  Zerg Melee Weapons Level 3  
  189  12:42  Zerg Ground Armor Level 3  
  189  12:43  Adrenal Glands  
  189  12:48  Zergling x2  
  159  13:04  Zergling x10  
  153  13:06  Zergling x2  
  153  13:07  Zergling x18  
  153  13:08  Zergling x4  
  153  13:09  Zergling x8  
  161  13:16  Ultralisk Cavern  
  161  13:19  Zergling x14  
  164  13:21  Zergling x4  
  165  13:27  Baneling x8  
  165  13:33  Zergling x14  
  172  13:35  Drone x2  
  172  13:39  Baneling x4  
  172  13:40  Baneling x3  
  174  13:41  Baneling x2  
  174  13:50  Lurker Den  
  174  13:52  Drone x6  
  179  13:56  Baneling x3  
  179  14:02  Zergling x10  
  184  14:03  Zergling x10  
  189  14:16  Hatchery  
  188  14:18  Drone  
  188  14:19  Drone x2  
  188  14:21  Chitinous Plating  
  190  14:24  Zergling x16  
  190  14:25  Zergling x2  
  190  14:29  Zergling x2  
  190  14:30  Zergling x8  
  190  14:31  Baneling x2  
  200  14:32  Baneling  
  200  14:34  Zergling x4  
  200  14:36  Zergling x4  
  200  14:37  Zergling x2  
  200  14:38  Zergling x2  
  198  14:42  Zergling x2  
  198  14:43  Hydralisk x2, Zergling x2  
  177  14:45  Hydralisk  
  177  14:47  Hydralisk  
  177  14:48  Drone  
  169  15:02  Hydralisk x2  
  169  15:03  Zergling x2  
  174  15:09  Baneling x10  
  174  15:10  Ultralisk  
  174  15:11  Ultralisk  
  186  15:14  Adaptive Talons  
  186  15:25  Baneling  
  186  15:26  Baneling x6  
  181  15:34  Ultralisk  
  181  15:35  Ultralisk  
  189  15:40  Anabolic Synthesis  
  189  15:41  Ultralisk  
  194  15:45  Ultralisk  
  186  15:51  Zergling x12  
  186  15:56  Zergling x10  
  185  15:57  Zergling x2  
  185  15:58  Zergling x2  
  185  16:01  Zergling x6  
  185  16:03  Zergling x4  
  189  16:05  Zergling x6  
  189  16:08  Zergling x4  
  189  16:10  Zergling x2  
  192  16:11  Seismic Spines  
  192  16:14  Zergling x8  
  192  16:15  Zergling x2  
  186  16:18  Drone  
  171  16:32  Zergling x28  
  178  16:33  Zergling x2  
  178  16:34  Zergling x2  
  178  16:36  Zergling x4  
  178  16:39  Zergling x2  
  178  16:43  Zergling x8  
  167  16:49  Zergling x4  
  167  16:54  Lurker x7  
Show
View Real Time Build Order
Export as new Build Order

Ender Terran 

Build Orders:  

Get SALT Encoding   

  12  0:00  SCV  
  13  0:12  SCV  
  14  0:17  Supply Depot  
  14  0:24  SCV  
  15  0:38  SCV  
  15  0:40  Barracks  
  16  0:44  Refinery  
  16  0:51  SCV  
  17  1:03  SCV  
  18  1:15  SCV  
  19  1:27  Barracks Reactor, Orbital Command  
  19  1:37  Command Center  
  19  1:47  Barracks  
  19  1:53  SCV  
  20  1:58  Supply Depot  
  20  2:03  Marine x2  
  20  2:05  SCV  
  23  2:13  Barracks  
  23  2:20  SCV  
  23  2:21  Marine x2  
  26  2:32  SCV  
  26  2:35  Barracks Tech Lab  
  27  2:39  Marine x2  
  29  2:45  SCV  
  29  2:51  Orbital Command  
  30  2:54  Marine  
  30  2:55  Stimpack  
  30  2:57  SCV  
  32  3:04  Marine  
  32  3:05  Marine  
  33  3:09  SCV  
  33  3:12  Marine  
  37  3:15  Barracks Reactor  
  37  3:16  SCV  
  37  3:21  SCV  
  37  3:22  Marine  
  37  3:23  Marine  
  40  3:28  SCV  
  40  3:33  SCV, Supply Depot  
  42  3:34  Marine  
  42  3:36  Supply Depot  
  42  3:40  Marine, SCV  
  45  3:42  Marine  
  46  3:54  Marine, SCV x2  
  46  3:55  Marine x2  
  51  3:56  Supply Depot  
  51  3:57  Marine  
  51  3:59  Marine  
  53  4:06  SCV x2  
  55  4:12  Marine x2  
  55  4:13  Marine  
  55  4:16  Marine  
  59  4:17  Marine  
  59  4:18  SCV x2  
  59  4:23  Command Center  
  62  4:28  Supply Depot  
  62  4:30  Marine  
  62  4:31  SCV x2, Factory  
  65  4:32  Refinery  
  65  4:38  Refinery  
  65  4:39  Refinery  
  65  4:43  SCV x2  
  66  4:56  Marine x5  
  70  5:04  SCV x2  
  71  5:07  Engineering Bay  
  71  5:08  Engineering Bay  
  71  5:13  Marine x2  
  73  5:15  Factory Reactor  
  73  5:16  SCV, Combat Shield  
  73  5:23  Marine x2  
  73  5:24  Marauder  
  73  5:25  Starport  
  77  5:31  SCV  
  77  5:35  Terran Infantry Weapons Level 1, SCV  
  79  5:36  Terran Infantry Armor Level 1  
  79  5:37  Orbital Command  
  79  5:40  Supply Depot x2  
  79  5:43  SCV  
  79  5:46  Marine x4  
  79  5:47  SCV  
  85  5:54  Widow Mine x2  
  89  5:58  Barracks, Orbital Command  
  89  5:59  Barracks  
  89  6:01  Starport Reactor  
  90  6:04  SCV x2  
  90  6:08  Marine x3  
  94  6:17  Widow Mine x2, SCV  
  94  6:18  SCV  
  100  6:22  Armory  
  100  6:24  Supply Depot  
  100  6:26  SCV  
  100  6:30  SCV  
  100  6:31  SCV  
  103  6:38  SCV  
  104  6:41  Bunker  
  104  6:42  SCV  
  104  6:43  SCV  
  106  6:47  Supply Depot  
  106  6:48  Medivac x2, Supply Depot  
  106  6:49  Widow Mine x2  
  106  6:50  Supply Depot  
  106  6:51  SCV  
  115  6:54  SCV  
  115  6:57  Supply Depot  
  115  6:58  SCV  
  115  6:59  Supply Depot  
  115  7:01  Barracks Tech Lab x2  
  117  7:04  Marauder  
  83  7:12  Marine  
  83  7:13  Marine x3  
  73  7:23  Marine x2  
  73  7:24  Marine  
  69  7:30  Marine  
  69  7:31  Medivac, Marine x3, Widow Mine x2  
  77  7:41  Marauder, Marine, SCV  
  77  7:43  Marauder  
  82  7:48  Marine  
  82  7:49  Marine x3  
  86  7:54  Concussive Shells, Sensor Tower  
  86  7:57  Terran Infantry Weapons Level 2  
  86  7:59  Marine  
  86  8:00  Terran Infantry Armor Level 2  
  86  8:01  SCV x3  
  90  8:11  Barracks Reactor  
  90  8:13  Barracks, Widow Mine  
  90  8:15  Barracks  
  90  8:16  Marine x4  
  90  8:17  Barracks Reactor  
  90  8:19  SCV x3  
  99  8:32  Command Center  
  99  8:34  Marine x4  
  100  8:36  SCV x2  
  100  8:39  Refinery  
  100  8:40  Medivac  
  104  8:52  Marauder, Marine  
  104  8:53  Marine x3  
  105  9:13  Marauder  
  85  9:33  Marauder  
  85  9:34  Marine  
  85  9:36  Medivac x2, Widow Mine x2  
  90  9:57  Widow Mine x2  
  94  10:00  Marine  
  94  10:01  Marauder x2, Marine x6  
  94  10:02  Marauder, Marine  
  94  10:05  Medivac  
  94  10:06  Medivac  
  112  10:10  Missile Turret, Factory  
  112  10:14  Factory  
  112  10:18  Marine x3  
  112  10:19  Marine x4  
  112  10:20  Barracks, Marine  
  120  10:22  Marauder x2  
  120  10:23  Marauder  
  126  10:31  Planetary Fortress  
  126  10:35  Sensor Tower  
  126  10:36  Marine x3  
  126  10:37  Marine x2  
  131  10:43  Marauder  
  131  10:44  Marauder, Barracks x3  
  131  10:45  Marauder, Marine x3  
  131  10:46  Barracks  
  140  10:50  Widow Mine  
  140  10:51  SCV x2  
  140  10:53  SCV  
  145  10:57  Factory Tech Lab  
  145  10:59  Factory Tech Lab  
  145  11:03  Terran Infantry Weapons Level 3  
  145  11:05  Marauder x2, Marine, Terran Infantry Armor Level 3  
  145  11:06  Marine  
  145  11:07  Medivac  
  119  11:22  Marine  
  119  11:23  Barracks Tech Lab  
  119  11:24  Siege Tank x2  
  126  11:26  Widow Mine x2  
  130  11:43  Marauder, Marine  
  130  11:44  Marauder, Marine x2  
  130  11:45  Marauder, Marine x6  
  130  11:46  Marauder, Marine  
  148  12:04  Marine  
  148  12:05  Marauder, Marine x11  
  148  12:06  Marauder  
  148  12:07  Marauder x2  
  158  12:22  Marine  
  150  12:23  Marine x11  
  150  12:26  Marauder  
  150  12:27  Marauder  
  150  12:28  Marauder  
  150  12:29  Marauder  
  151  12:35  Siege Tank x2  
  151  12:40  Marine x5  
  151  12:41  Marine x3  
  163  12:45  Barracks Reactor, Barracks Tech Lab x3  
  163  12:47  Marauder  
  163  12:48  Marauder  
  163  12:50  Marauder, Marine  
  159  12:51  Command Center  
  130  13:08  Marauder  
  130  13:11  Medivac x2  
  112  13:26  Marine  
  106  13:27  Marine x15  
  106  13:29  Marine, Siege Tank x2  
  128  13:41  Medivac x2  
  128  13:44  Marine, Neosteel Armor, Hi-Sec Auto Tracking  
  128  13:45  Marauder, Marine x13  
  128  13:46  Marauder  
  150  13:53  Command Center  
  150  13:58  Marine  
  150  14:02  Marine x3  
  152  14:03  Supply Depot  
  152  14:05  Supply Depot  
  152  14:06  Planetary Fortress  
  154  14:10  SCV x3  
  154  14:11  Medivac x2  
  161  14:19  Marine  
  161  14:20  Marauder x3, Marine x2  
  160  14:43  Marine  
  160  14:44  Marauder  
  117  14:50  Marauder x2, Marine  
  117  14:51  Marauder, Marine x11  
  125  14:58  Siege Tank x2  
  120  15:00  Marine  
  120  15:04  Marine  
  122  15:08  Marine x6  
  122  15:09  Marine x6  
  122  15:11  Marauder, Marine, Sensor Tower  
  122  15:12  Marauder  
  139  15:18  Marine  
  138  15:22  Marine  
  138  15:26  Marine x10  
  138  15:27  Marauder  
  147  15:37  Marine  
  147  15:38  Marauder, Marine x3  
  147  15:41  Marauder  
  155  15:43  Marine  
  155  15:44  Marine x8  
  155  15:45  Marauder  
  155  15:48  Marauder  
  155  15:55  Marine  
  155  15:56  Marauder, Marine x2  
  134  16:00  Marauder  
  134  16:01  Marine  
  134  16:02  Marauder, Marine  
  130  16:08  Marine  
  130  16:10  Marine  
  130  16:11  Marauder  
  125  16:21  Marine x13  
  125  16:23  Marine  
  111  16:25  Marine  
  111  16:28  Marine  
  111  16:32  Marine  
  109  16:38  Marine  
  97  16:40  Marauder  
Tags
 
Add a new tag
Caveats
  • Supply blocks, unpowered buildings, or Contaminate may cause inaccurate times.
  • Supply counts are checked every 10 seconds.